Cogmind - Beta 14 @@@ ROGUE MODE // 2024.08.08 @ 14:03:37 Player: P9H Result: Destroyed by G-47 Trooper with Particle Gun Performance ------------- Evolutions (0) 0 Regions Visited (2) 400 Robots Destroyed (6) 30 Value Destroyed (131) 131 Prototype IDs (0) 0 Alien Tech Used (0) 0 Bonus (0) 0 TOTAL SCORE: 561 Bonus ------- None Cogmind --------- Core Integrity 0/250 Matter 420/450 Energy 80/125 System Corruption 0% Temperature Cool (14) Movement Core (1500) Ox29 Location -10/Mines Parts ------- > --- POWER (1) -------- Light Ion Engine > --- PROPULSION (2) --- (None) > --- UTILITY (2) ------ Huge Storage Unit Large Matter Pod > --- WEAPON (2) ------- Medium Laser > --- INVENTORY (25) --- Light Ion Engine Light Treads Wheel Compact Wheel Peak State ------------ > --- POWER ------------ Ion Engine > --- PROPULSION ------- Wheel Compact Wheel > --- UTILITY ---------- Small Storage Unit Improved Terrain Scanner > --- WEAPON ----------- Assault Rifle Assault Rifle > --- INVENTORY -------- Light Ion Engine Light Treads Light Treads Assault Rifle [Rating: 9] Favorites ----------- Power Ion Engine Engine Ion Engine Propulsion Wheel Wheel Wheel Utility Huge Storage Unit Device Improved Terrain Scanner Storage Huge Storage Unit Weapon Assault Rifle Energy Gun Medium Laser Ballistic Gun Assault Rifle Build | -11 -10 -10 ------- Run | Yrd Mat Min Slots Evolved . | . . . Power . | . . . Propulsion . | . . . Utility . | . . . Weapon . | . . . Parts Attached 17 | 8 1 8 Power 4 | 2 . 2 Engine 4 | 2 . 2 Core . | . . . Reactor . | . . . Propulsion 4 | 2 . 2 Treads . | . . . Leg . | . . . Wheel 4 | 2 . 2 Hover . | . . . Flight . | . . . Utility 5 | 2 1 2 Device 1 | 1 . . Storage 4 | 1 1 2 Processor . | . . . Hackware . | . . . Protection . | . . . Artifact . | . . . Weapon 4 | 2 . 2 Energy Gun 1 | . . 1 Energy Cannon . | . . . Ballistic Gun 3 | 2 . 1 Ballistic Cannon . | . . . Launcher . | . . . Special Weapon . | . . . Impact Weapon . | . . . Slashing Weapon . | . . . Piercing Weapon . | . . . Special Melee Weapon . | . . . Unidentified Prototypes . | . . . Parts Lost 10 | . . 10 Power 2 | . . 2 Propulsion 4 | . . 4 Utility 1 | . . 1 Weapon 3 | . . 3 Highest Loss Streak 5 | . . 5 To Critical Strikes . | . . . Average Slot Usage (%) 88 | . 100 85 Engine 11 | . 14 10 Wheel 23 | . 28 21 Device 6 | . 14 4 Storage 20 | . 14 22 Ballistic Gun 24 | . 28 24 Peak Build Rating 9 | 9 9 9 Average Rating 6 | 5 9 6 On Entrance 6 | . 9 9 Naked Turns . | . . . Heaviest Build 92 | 15 90 92 Greatest Support 26 | 26 26 26 Greatest Overweight (x) 28 | . 3 28 Average Overweight (x) 2 | . 1 3 Largest Inventory Capacity 25 | 8 25 25 Average Capacity 20 | 6 16 25 Most Carried 9 | 7 9 9 Average Carried 6 | 4 8 6 Final Capacity 25 | 8 25 25 Final Carried 9 | 7 9 4 Class Distribution -------------------- 100% | Mutant Dominant Class ---------------- Mutant | -10/Materials Mutant | -10/Mines Resources | -11 -10 -10 ----------- Run | Yrd Mat Min Matter Collected 602 | 304 . 298 Remotely . | . . . Salvage Created 261 | 101 . 160 Parts 16 | 8 . 8 Haulers Intercepted . | . . . Recyclers Shooed . | . . . Parts Field Recycled . | . . . Retrieved Matter . | . . . Parts Self-Destructed . | . . . Prevented . | . . . Kills | -11 -10 -10 ------- Run | Yrd Mat Min Combat Hostiles Destroyed 9 | . . 9 Guns 9 | . . 9 Classes Destroyed 5 | 2 . 3 Builder 1 | . . 1 Tunneler 2 | 1 . 1 Recycler 1 | 1 . . Demolisher 2 | . . 2 Assembled 7 | . . 7 Best Kill Streak 3 | 2 . 3 Combat Bots Only 3 | . . 3 Max Kills in Single Turn 1 | 1 . 1 Gunslinging . | . . . Exploded . | . . . Melee . | . . . Uniques/NPCs Destroyed . | . . . Combat | -11 -10 -10 -------- Run | Yrd Mat Min Hostile Shots Fired 45 | . . 45 Missed 12 | . . 12 Damage Taken 847 | . . 847 Core 261 | . . 261 Absorbed by Shields . | . . . Core Remaining (%) 100 | 100 . . Volleys Fired 32 | 4 1 27 Largest 2 | 2 2 2 Hottest 50 | 40 40 50 Shots Fired 55 | 8 2 45 Gun 55 | 8 2 45 Cannon . | . . . Launcher . | . . . Special . | . . . Kinetic 54 | 8 2 44 Thermal 1 | . . 1 Explosive . | . . . Electromagnetic . | . . . Robot Hit Streak 6 | 4 . 6 Robot Miss Streak 3 | 1 2 3 Penetration Max . | . . . Secondary Targets . | . . . Shots Hit Robots 33 | 5 . 28 Core Hits 22 | 3 . 19 Critical Kills 2 | . . 2 Critical Parts Destroyed . | . . . Critical Strikes 2 | . . 2 Destroy 2 | . . 2 Melee Attacks . | . . . Impact . | . . . Slashing . | . . . Piercing . | . . . Sneak Attacks . | . . . Combat Hostiles . | . . . Follow-up Attacks . | . . . Damage Inflicted 433 | 61 . 372 Guns 433 | 61 . 372 Cannons . | . . . Explosions . | . . . Melee . | . . . Ramming . | . . . Kinetic 433 | 61 . 372 Thermal . | . . . Explosive . | . . . Electromagnetic . | . . . Impact . | . . . Slashing . | . . . Piercing . | . . . Highest Corruption . | . . . Average Corruption . | . . . Corruption Purged . | . . . Corruption Blocked . | . . . Overload Shots . | . . . Overflow Damage . | . . . Projectiles . | . . . Explosions . | . . . Melee . | . . . Knockbacks . | . . . Impact . | . . . Kinetic . | . . . Secondary . | . . . Self-Inflicted Damage . | . . . Shots . | . . . Rammed . | . . . Targets Rammed . | . . . Kicked . | . . . Crushed . | . . . Highest Temperature 13 | . . 13 Average Temperature 6 | . . 6 Received Heat Transfer 146 | . . 146 Siege Activations . | . . . Robots Corrupted . | . . . Combat Hostiles . | . . . Parts Fried . | . . . Impact Corruptions . | . . . Robots Melted . | . . . Combat Hostiles . | . . . Parts Melted . | . . . Heat Transferred . | . . . Parts Sabotaged . | . . . Parts Stolen . | . . . Parts Stripped . | . . . Power Chain Reactions . | . . . Alert | -11 -10 -10 ------- Run | Yrd Mat Min Peak Influence 40 | 10 21 40 Initial 7 | . 6 7 Average 9 | 4 8 10 Maximum Alert Level . | . . . Low Security (%) 100 | 100 100 100 Level 1 . | . . . Level 2 . | . . . Level 3 . | . . . Level 4 . | . . . Level 5 . | . . . High Security . | . . . Max Security . | . . . Squads Dispatched . | . . . Investigation . | . . . Extermination . | . . . Reinforcement . | . . . Assault . | . . . Garrison . | . . . Intercept . | . . . Searches Triggered . | . . . Construction Impeded . | . . . Haulers Reinforced . | . . . Active Scanning Responses . | . . . Cargo Convoy Interrupts . | . . . Stealth | -11 -10 -10 --------- Run | Yrd Mat Min Distress Signals . | . . . Communications Jammed . | . . . Distress Signals . | . . . Times Spotted 25 | . 1 24 Peak Tracking Total 10 | . 1 10 Tactical Retreats 2 | . . 2 Traps | -11 -10 -10 ------- Run | Yrd Mat Min Traps Triggered . | . . . Indirectly . | . . . Trap Hack Attempts . | . . . Triggered . | . . . Disarmed . | . . . Reprogrammed . | . . . Reused . | . . . Traps Extracted . | . . . Installed . | . . . Triggered . | . . . Machines | -11 -10 -10 ---------- Run | Yrd Mat Min Machines Disabled . | . . . Max in Single Turn . | . . . Machines Repaired . | . . . Machines Dismantled . | . . . Machines Sabotaged . | . . . Overloaded Fab Kills . | . . . Hacking | -11 -10 -10 --------- Run | Yrd Mat Min Machines Accessed 1 | . 1 . Terminals 1 | . 1 . Fabricators . | . . . Repair Stations . | . . . Recycling Units . | . . . Scanalyzers . | . . . Garrison Access . | . . . Total Hacks 2 | . 2 . Successful 2 | . 2 . Failed . | . . . Catastrophic . | . . . Database Lockouts . | . . . Manual . | . . . Terminals 2 | . 2 . Fabricators . | . . . Repair Stations . | . . . Recycling Units . | . . . Scanalyzers . | . . . Garrison Access . | . . . Terminal Hacks 2 | . 2 . Alert Level 2 | . 2 . Fabricator Hacks . | . . . Repair Station Hacks . | . . . Recycling Unit Hacks . | . . . Scanalyzer . | . . . Garrison Access Hacks . | . . . Unauthorized Hacks . | . . . Terminals . | . . . Fabricators . | . . . Repair Stations . | . . . Recycling Units . | . . . Scanalyzers . | . . . Garrison Access . | . . . Data Cores Recovered . | . . . Used . | . . . Hacking Detections . | . . . Full Trace Events . | . . . Feedback Events . | . . . Feedback Blocked . | . . . Robot Schematics Acquired . | . . . Robots Built . | . . . Authchips . | . . . Time . | . . . Total Robot Build Rating . | . . . Part Schematics Acquired . | . . . Parts Built . | . . . Authchips . | . . . Time . | . . . Total Part Build Rating . | . . . Parts Repaired . | . . . Time . | . . . Parts Recycled . | . . . Recycled Matter . | . . . Retrieved Matter . | . . . Retrieved Components . | . . . Parts Scanalyzed . | . . . Part Schematics Acquired . | . . . Parts Damaged . | . . . Bothacking | -11 -10 -10 ------------ Run | Yrd Mat Min Used RIF Installer . | . . . Robots Hacked . | . . . Non-combat . | . . . Combat . | . . . Robot Hacks Applied . | . . . Relay Couplers Released . | . . . Fabnet Peak Effective % . | . . . Robots Rewired . | . . . Allies Hacked . | . . . Hacks Repelled . | . . . Allies | -11 -10 -10 -------- Run | Yrd Mat Min Total Allies . | . . . Largest Group . | . . . Highest-Rated Group . | . . . Highest-Rated Ally . | . . . Total Orders . | . . . Ally Attacks . | . . . Total Damage . | . . . Kills . | . . . Allies Corrupted . | . . . Allies Melted . | . . . Intel | -11 -10 -10 ------- Run | Yrd Mat Min Robot Analysis Total . | . . . Derelict Logs Recovered 1 | . . 1 Drone Launches . | . . . Drone Recoveries . | . . . Exploration | -11 -10 -10 ------------- Run | Yrd Mat Min Turns Passed 595 | 86 111 398 Spaces Moved 301 | 59 96 146 Core 8 | 3 . 5 Treads . | . . . Legs . | . . . Wheels 293 | 56 96 141 Hover . | . . . Flight . | . . . Fastest Speed 50 | 50 90 135 Average Speed 138 | 87 107 179 Slowest Speed 1450 | 90 135 1450 Overloaded Moves . | . . . Propulsion Burnouts . | . . . Robots Hopped . | . . . Cave-ins Triggered . | . . . Exploration Rate (%) 19 | 4 21 34 Regions Visited 2 Branch Regions 1 Pre-discovered Areas 1 | . . 1 Known Exits Taken . | . . . Unknown Exits Taken 2 | 1 1 . Scrap Searched 1 | . . 1 Spaces Dug . | . . . Terrain Destroyed . | . . . Melee . | . . . Projectile . | . . . AOE . | . . . Terrain Rammed . | . . . Walls Destroyed . | . . . Machines Disabled . | . . . Actions | -11 -10 -10 --------- Run | Yrd Mat Min Total 422 | 83 102 237 Wait 52 | . . 52 Move 299 | 58 95 146 Hop . | . . . Pick Up 19 | 13 3 3 Fast Attach 1 | 1 . . Attach 13 | 6 . 7 Detach . | . . . Swap 3 | 1 1 1 Drop 3 | . 2 1 Fire 32 | 4 1 27 Melee . | . . . Ram . | . . . Kick . | . . . Crush . | . . . Escape Stasis . | . . . Rewire . | . . . Trap . | . . . Miscellaneous . | . . . Route ------- -11/Scrapyard -10/Materials -10/Mines (discovered 1 exit: [*Mat]) History --------- Turn | Location | Event 16 | -11/Scrapyard | Discovered new exit (range 16) 87 | -11/Scrapyard | Entered Materials 149 | -10/Materials | Discovered new exit (range 9) 198 | -10/Materials | Entered Mines 239 | -10/Mines | Assembled infested the area 244 | -10/Mines | Assisted by a Guerilla fighting off Assembled 315 | -10/Mines | Build established: Mutant 326 | -10/Mines | Met a Derelict bent on vengeance 371 | -10/Mines | Lost 4 parts (2n1u1w) 498 | -10/Mines | Discovered new exit (range 16) 548 | -10/Mines | Lost 5 parts (2p2n1w) 577 | -10/Mines | Core integrity fell below 50% 591 | -10/Mines | Core integrity fell below 20% 596 | -10/Mines | Destroyed by G-47 Trooper with Particle Gun Last Messages --------------- 00563_ U-05 Engineer builds a Wall. 00564_ K-01 Serf collects debris. 00565_ R-06 Scavenger collects Cmb. Airjet. 00566_ The unstable cave ceiling collapses. 00566_ Assault Rifle destroyed. 00567_ K-01 Serf collects debris. 00570_ The unstable cave ceiling collapses. 00571_ K-01 Serf collects debris. 00578_ Critical hit (Burn: +37). 00581_ U-05 Engineer lays Concrete. 00581_ K-01 Serf collects debris. 00582_ U-05 Engineer builds a Wall. 00583_ The unstable cave ceiling collapses. 00583_ K-01 Serf collects debris. 00587_ U-05 Engineer lays Concrete. 00587_ K-01 Serf collects debris. 00588_ U-05 Engineer builds a Wall. 00590_ K-01 Serf collects debris. 00592_ U-05 Engineer builds a Wall. 00594_ K-01 Serf collects debris. Map ----- +----------------------------------------------------+ | ?????????????????????????????????????????????????? | | ?????????????????????????????????????????????????? | | ?????????????????????????????????????????????????? | | ?????????????????????????????????????????????????? | | ?????????????????????????????????????????????????? | | ?????????????????????????????????????????????????? | | ????????????????????????? ??????????????????????? | | ????????????????????????? #?????????????????????? | | ????????????????????????? < ?????????????????????? | | ????????????????????????? ?????????????????????? | | ????????????????????????? #?????????????????????? | | ????????????????????????? #?????????????????????? | | ????????????????????????? #?????????????????????? | | ????????????????????????# #?????????????????????? | | ???????????????????????##% #?????????????????????? | | ???????????????????????## %=?????????????????????? | | ??????????????????????### ###????????????????????? | | ?????????????????????## # # ##???????????????????? | | ????????????????????## ##!# ####?????????????????? | | ????????????????????# # # ##????????????????? | | ????????????????????### # # #????????????????? | | ????????????????????### #g# ##???????????????? | | ????????????????????# # #u# ##??????????????? | | ????????????????????## ## ## #### ??????????? | | ????????????????? # ## k # ???????????? | | ???????????????# ?## g@ ## ?????????? | | ??????????????# ????## k # ######??????????? | | ?????????????# ?????# % #????????????????? | | ?????????????# ???????## ! r #????????????????? | | ???????????????????????# ##???????????????? | | ???????????????????????# """ ##??????????????? | | ????????????#??????????# """ #??????????????? | | ???????????????????????# """ #??????????????? | | ????????????????###????# ##??????????????? | | ???????????????## #??## ####???????????????? | | ???????????????# ### ##??????????????????? | | ???????????????# ## #???????????????????? | | ???????????????# % | ##???????????????????? | | ???????????????# %% % ##???#????????????????? | | ????????# ###%#####?#???????????????????? | | ?????????# ### ##?#??#???????????????????? | | ?????????# ??## ##????####????#???????????? | | ?????????# " ???# #?#??## ###?????????????## | | ?????????# ?????#=#???## ##???????????# # | | ?????????# ##?????# #??## ####???????# ? | | ????????## #???????# #### #????### ?? | | ?????????# #????????# ### #????# ??? | | ?????????##?????? ???###### ### ###?? #??? | | ???????????????????????#?### #??# #??? | | ????????????#?????? ???????## #### #### | +----------------------------------------------------+ Best States ------------- Heat Dissipation 25 Energy Generation 10 Energy Capacity 250 Matter Stores 450 Matter Capacity 450 Sight Range 16 Terrain Scan Range 16 Terrain Scan Density 10 Evasion (%) 42 Item Schematics ----------------- None Robot Schematics ------------------ None Fabricated ------------ Nothing Alien Tech Used ----------------- None Achievements -------------- None Challenges ------------ None Game ------ Seed MetaEnergyAccelerator Manual? 0 Play Time 00:06:39 Cumulative 17.2 hours Start 2024.08.08 @ 13:57:32 End 2024.08.08 @ 14:03:37 Sessions 1 Manual Loads 0 Difficulty Rogue Special Mode None Game No. 37 Rogue 37 Adventurer 0 Explorer 0 Win Type - Total 0 Types 0/0/0/0/0/0/0/0/0 Lore% 4 Gallery% 21 Achievement% 17 Wizard Run 0 Options --------- Layout 1 ASCII 0 Keyboard 0 Movement Mouse Keybinds 0 Fullscreen 2 Font 32/SmallcapsGlow Map View 50x35 Zoom Use 0% Tactical HUD 1 Map Filters NONE Filters NONE Steam 1 RUN: 406115e4-51f3-4be5-b9ab-2c4e7ee2fac4